 Dungeon Crawl Stone Soup version 0.27-a0-328-g7f782ed93a (webtiles) character file.

Game seed: 9172366485444283396

113 tsouns the Skirmisher (level 4, -6/39 HPs)
             Began as a Palentonga Delver on Feb 12, 2021.
             Was an Initiate of Hepliaklqana.
             Mangled by a gnoll
             ... wielding a +0 halberd
              (10 damage)
             ... on level 2 of the Dungeon.
             The game lasted 00:02:17 (1276 turns).

tsouns the Skirmisher (Palentonga Delver)           Turns: 1276, Time: 00:02:17

Health: -6/39      AC:  4    Str: 17    XL:     4   Next: 65%
Magic:  4/4        EV:  9    Int: 10    God:    Hepliaklqana [......]
Gold:   106        SH:  0    Dex: 11    Spells: 3/3 levels left

rFire    . . .     SeeInvis +   a - +0 hand axe
rCold    . . .     Faith    .   (no shield)
rNeg     . . .     Spirit   .   b - +0 leather armour
rPois    .         Reflect  .   (no helmet)
rElec    .         Harm     .   (no cloak)
rCorr    .         Rampage  .   (no gloves)
Will     .....                  (no barding)
Stlth    ++........             (no amulet)
HPRegen  0.13/turn              (no ring)
MPRegen  0.09/turn              (no ring)

@: no status effects
A: large, reduced essence, rugged brown scales 3, see invisible, deformed body,
roll 1, armoured tail
a: Rolling Charge, Renounce Religion, Recall Ancestor, Ancestor Identity


You were on level 2 of the Dungeon.
You worshipped Hepliaklqana.
Hepliaklqana was noncommittal.
You visited 1 branch of the dungeon, and saw 4 of its levels.

You collected 106 gold pieces.

Inventory:

Hand Weapons
 a - a +0 hand axe (weapon)
Armour
 b - a +0 leather armour (worn)
Wands
 d - a wand of charming (6)
 g - a wand of digging (3)
 l - a wand of flame (11)
Scrolls
 c - a scroll of fog
 e - a scroll of fear
 h - a scroll of teleportation {unknown}
 i - 2 scrolls of identify {unknown}
 j - a scroll of magic mapping
 k - a scroll of amnesia {unknown}
 m - a scroll of enchant weapon {unknown}
Potions
 f - a potion of heal wounds {unknown}
 n - a potion of attraction {unknown}


   Skills:
 + Level 4.4 Fighting
 + Level 3.7 Axes
 - Level 1.5 Dodging
 - Level 3.3 Stealth


You had 3 spell levels left.
You didn't know any spells.
Your spell library was empty.

Dungeon Overview and Level Annotations

Branches:
Dungeon (5/15)
 Temple: D:4-7

Altars:
Hepliaklqana

Shops:
D:4 (*(*


Innate Abilities, Weirdness & Mutations

You are completely covered in rugged brown scales. (AC +3, +7% HP)
You have supernaturally acute eyesight. (SInv)
Armour fits poorly on your strangely shaped body.
You can roll at nearby foes to attack.
You have a long armoured tail.
Your life essence is reduced to manifest your ancestor. (-10% HP)


Message History

Found a stone staircase leading up.
There is a stone staircase leading down here.
Found 15 gold pieces.
Found a ring mail.
You now have 106 gold pieces (gained 15).
You swap places.
There is a stone staircase leading up here.
You climb upwards.
There is a stone staircase leading down here. 2 gnolls come into view.
There are monsters nearby!
A gnoll comes into view. It is wielding a +0 halberd.
The gnoll shouts! x2
Found 18 gold pieces.
You barely miss the gnoll. You tail-slap the gnoll.
The gnoll is lightly wounded.
The gnoll barely misses you.
You hit the gnoll.
The gnoll is lightly wounded.
The gnoll closely misses you. The gnoll barely misses you.
You hit the gnoll.
Your tail-slap misses the gnoll.
The gnoll is moderately wounded.
The gnoll misses you. The gnoll hits you with a +0 flail!
You completely miss the gnoll.
The gnoll is moderately wounded.
You hit the gnoll but do no damage. The gnoll closely misses you.
The gnoll hits you but does no damage.
The gnoll hits you from afar with a +0 halberd!
You are too injured to fight recklessly! Ælfric barely misses the gnoll. Ælfric hits the gnoll.
You hit the gnoll but do no damage. Ælfric hits the gnoll.
The gnoll hits you with a +0 halberd!
* * * LOW HITPOINT WARNING * * *
The gnoll hits Ælfric with a +0 flail!
The gnoll hits you with a +0 club.
* * * LOW HITPOINT WARNING * * *
Ælfric closely misses the gnoll.
Unknown command.
The gnoll hits you from afar with a +0 halberd!
You die...

..# #..
#..##
#.?.#######
#...$......
#g## #Rg#
#..## #g.@#
##..# #..#
##.## #..#
#..#
###.#####
#..>....#
#.#.###.#


You could see the friendly Ælfric the ancestor and 3 gnolls.

Vanquished Creatures
  A water moccasin skeleton (D:5)
  A hound (D:4)
  A worker ant zombie (D:4)
  2 adders
  A goblin (D:3)
  A kobold (D:3)
  A jackal skeleton (D:4)
8 creatures vanquished.

Notes
Turn   | Place    | Note
-------+----------+-------------------------------------------
     0 | D:5      | tsouns the Palentonga Delver began the quest for the Orb.
     0 | D:5      | Reached XP level 1. HP: 20/20 MP: 1/1
    28 | D:5      | Reached XP level 2. HP: 5/28 MP: 2/2
    28 | D:5      | Reached XP level 3. HP: 6/35 MP: 3/3
   305 | D:4      | Found Kampusm's Weapon Boutique.
   319 | D:4      | Found Cupp's General Store.
   342 | D:4      | Found Jyulits's Antique Weapon Boutique.
   594 | D:3      | Noticed a black bear
   595 | D:3      | Reached skill level 4 in Fighting
   922 | D:4      | Found Uboiwias's Assorted Antiques.
   966 | D:4      | Reached XP level 4. HP: 40/42 MP: 4/4
  1003 | D:4      | Found a hazy altar of Hepliaklqana.
  1047 | D:4      | Became a worshipper of Hepliaklqana the Forgotten
  1276 | D:2      | Mangled by a gnoll

Illustrated notes

Levels and vault maps discovered:
D:2:      layout_basic
D:3:      layout_basic, minivault_4, minivault_26, bloody_trog
D:4:      layout_loops_ring, nzn_hepliaklqana_mist_gate, serial_shops,
          shop_fountains, shop, shop, kennysheep_little_box, shop,
          hangedman_decor_slide_cut, skrybe_limestone_x
D:5:      layout_cave_pools

Skill      XL: |  1  2  3 |
---------------+----------+-----
Axes           | 3 |  3.7
Fighting       | 4 |  4.4
Dodging        | |  1.5
Stealth        | |  3.3

Action                   |  1- 3 |  4- 6 || total
-------------------------+-------+-------++-------
Melee: Hand axe          |    50 |    11 ||    61
       Tailslap          |     6 |     3 ||     9
 Abil: Rolling Charge    |       |     1 ||     1
  Use: Scroll            |     1 |       ||     1
       Potion            |     2 |       ||     2
Armor: Leather armour    |    19 |     2 ||    21
Dodge: Dodged            |    34 |     7 ||    41

Table legend: (Time is in decaauts)
 A = Elapsed time spent in this place.
 B = Non-inter-level travel time spent in this place.
 C = Inter-level travel time spent in this place.
 D = Time resting spent in this place.
 E = Time spent auto-exploring this place.
 F = Levels seen in this place.
 G = Mean time per level.
                   A        B        C        D        E       F      G
               +--------+--------+--------+--------+--------+-----+--------+
         Total |   1271 |   1178 |     93 |    257 |    718 |   4 |  317.8 |
       Dungeon |   1271 |   1178 |     93 |    257 |    718 |   4 |  317.8 |
               +--------+--------+--------+--------+--------+-----+--------+

Top non-repeatable levels by time:
     D:4: 837 daAuts
     D:5: 304 daAuts
     D:3: 108 daAuts
     D:2: 21 daAuts
